 Dungeon Crawl Stone Soup version 0.32-a0-468-g38b2580584 (webtiles) character file.

Game seed: 11223773236142975210

86 Sobieck the Ducker (level 4, -3/33 HPs)
             Began as a Coglin Brigand on Feb 24, 2024.
             Killed by divine providence
             ... invoked by an orc priest
              (8 damage)
             ... on level 3 of the Dungeon.
             The game lasted 00:02:28 (1440 turns).

Sobieck the Ducker (Coglin Brigand)                 Turns: 1440, Time: 00:02:29

Health: -3/33      AC:  4    Str: 11    XL:     4   Next: 50%
Magic:  4/4        EV: 13    Int: 11    God:
Gold:   138        SH:  0    Dex: 17    Spells: 3/3 levels left

rFire   . . .        a - +2 dagger {Vikramjeet}
rCold   . . .        e - +0 dagger {Karl}
rNeg    . . .        b - +0 robe
rPois   .            (no helmet)
rElec   .            c - +0 cloak
rCorr   .            (no gloves)
SInv    .            i - +0 pair of boots
Will    .....        (no amulet)
Stlth   ++           (ring unavailable)
HPRegen 0.25/turn    (ring unavailable)
MPRegen 0.09/turn

%: no passive effects
@: revved
A: off-hand wielding, slow wielding, warmup strikes, no rings
a: Convert to Beogh


You were on level 3 of the Dungeon.
You visited 1 branch of the dungeon, and saw 3 of its levels.

You collected 138 gold pieces.

Inventory:

Hand Weapons
 a - a +2 dagger (weapon) {Vikramjeet}
 d - a +0 flail {Beli-Ashared}
 e - a +0 dagger (offhand) {Karl}
Missiles
 k - 14 poisoned darts
 F - 3 curare-tipped darts
Armour
 b - a +0 robe (worn)
 c - a +0 cloak (worn)
 i - a +0 pair of boots (worn)
Magical Staves
 g - a staff of conjuration
Scrolls
 f - a scroll of poison {unknown}
 h - a scroll of brand weapon {unknown}
 j - 2 scrolls of teleportation {unknown}
 m - a scroll of enchant armour {unknown}
Potions
 l - 3 potions of enlightenment {unknown}


   Skills:
 - Level 2.0 Fighting
 - Level 1.7 Short Blades
 - Level 1.7 Throwing
 + Level 3.8 Dodging
 - Level 3.2 Stealth


You had 3 spell levels left.
You didn't know any spells.
Your spell library was empty.

Dungeon Overview and Level Annotations

Branches:
Dungeon (3/15)

Altars:
Wu Jian
Xom


Innate Abilities, Weirdness & Mutations

You can wield a second weapon in your off-hand.
It takes a long time for you to wield or remove held weapons.
Your first few attacks do less damage.
Your grasper-arms cannot wear rings.


Message History

Unknown command.
You hit the orc with your +2 dagger.
The orc is heavily wounded.
You hit the orc with your +0 dagger.
You kill the orc!
A kobold comes into view. It is wielding a +0 short sword.
The orc priest calls down the wrath of Beogh upon you.
Pain shoots through your body!
* * * LOW HITPOINT WARNING * * *
Unknown command.
You hit the orc but do no damage. You hit the orc with your +2 dagger.
The orc misses you.
The orc priest looks satisfied for a moment.
You hit the orc with your +0 dagger.
The orc is heavily wounded.
You hit the orc with your +2 dagger.
You kill the orc!
Unknown command.
The orc priest shouts, "Surrender to Beogh and we'll let you live!"
You hit the hobgoblin with your +0 dagger.
The hobgoblin is heavily wounded.
The orc priest shouts, "Beogh offers mercy even to people such as you.
Join us and be reborn!"
You hit the hobgoblin with your +2 dagger.
You kill the hobgoblin!
Unknown command.
You closely miss the orc priest with your +0 dagger.
You barely miss the orc priest with your +2 dagger.
The orc priest shouts, "Beogh offers mercy even to people such as you.
Join us and be reborn!"
The orc priest misses you.
You barely miss the orc priest with your +0 dagger.
You barely miss the orc priest with your +2 dagger.
The orc priest shouts, "Beogh offers mercy even to people such as you.
Join us and be reborn!"
The orc priest completely misses you.
Unknown command.
You hit the orc priest but do no damage. x2
The orc priest hits you with a +0 hand axe.
* * * LOW HITPOINT WARNING * * *
You hit the orc priest with your +0 dagger.
The orc priest is lightly wounded.
The orc priest shouts, "Surrender to Beogh and we'll let you live!"
You hit the orc priest but do no damage.
The orc priest hits you with a +0 hand axe.
* * * LOW HITPOINT WARNING * * *
Unknown command.
You completely miss the orc priest with your +0 dagger.
The orc priest is lightly wounded.
You hit the orc priest but do no damage.
The orc priest invokes the aid of Beogh against you.
Beogh smites you!
You die...

.##.##.# #..##.#
.#...#.# #.....###
.......###.......###
...................+
......####.##....###
.#.<.## #.....#.#
###.## #.#...#.# #.#
#...###.# #.# #..##
#@# #.# #..# #o#
#.....Kr# ##.###...
#.### ###. .. ....
##. #### #. #.


You could see an orc priest, a kobold and a rat.

Vanquished Creatures
  2 adders (D:2)
  2 dart slugs (D:3)
  3 orcs (D:3)
  4 ball pythons
  5 endoplasms
  2 giant cockroaches
  3 goblins
  7 hobgoblins
  6 jackals
  2 quokkas
  8 bats
  2 frilled lizards (D:1)
  6 kobolds
  3 rats (D:1)
55 creatures vanquished.

Notes
Turn   | Place    | Note
-------+----------+-------------------------------------------
     0 | D:1      | Sobieck the Coglin Brigand began the quest for the Orb.
     0 | D:1      | Reached XP level 1. HP: 16/16 MP: 1/1
    35 | D:1      | Reached skill level 1 in Dodging
    70 | D:1      | Reached XP level 2. HP: 4/22 MP: 2/2
   387 | D:1      | Reached XP level 3. HP: 26/27 MP: 3/3
   824 | D:2      | Reached skill level 3 in Dodging
   911 | D:2      | Reached XP level 4. HP: 11/33 MP: 4/4
  1098 | D:2      | Found a shimmering altar of Xom.
  1388 | D:3      | Found an ornate altar of the Wu Jian Council.
  1440 | D:3      | Killed from afar by an orc priest

Illustrated notes

Levels and vault maps discovered:
D:1:      lightli_arrival_farm, layout_basic, supply_closet_lemuel, st_stairs_3
D:2:      layout_basic, basic_altar, chequers_mini_garden
D:3:      layout_loops_corners, nicolae_ru_great_annihilating_truth,
          mainiacjoe_overflow_chevrons, portal_sewer_entry_d, serial_shops,
          nicolae_shop_waterfront

Skill      XL: |  1  2  3 |
---------------+----------+-----
Dodging        | 1 2 3 |  3.8
Fighting       | |  2.0
Short Blades   | |  1.7
Throwing       | |  1.7
Stealth        | |  3.2

Action                     |  1- 3 |  4- 6 || total
---------------------------+-------+-------++-------
  Melee: Dagger            |   165 |    65 ||   230
         Flail             |     9 |       ||     9
    Use: Potion            |       |     1 ||     1
   Stab: Sleeping          |     5 |     4 ||     9
         Distracted        |     1 |       ||     1
 Armour: Robe              |    51 |    18 ||    69
  Dodge: Dodged            |    76 |    29 ||   105

Table legend: (Time is in decaauts)
 A = Elapsed time spent in this place.
 B = Non-inter-level travel time spent in this place.
 C = Inter-level travel time spent in this place.
 D = Time resting spent in this place.
 E = Time spent auto-exploring this place.
 F = Levels seen in this place.
 G = Mean time per level.
                   A        B        C        D        E       F      G
               +--------+--------+--------+--------+--------+-----+--------+
         Total |   1457 |   1446 |     11 |      0 |   1112 |   3 |  485.7 |
       Dungeon |   1457 |   1446 |     11 |      0 |   1112 |   3 |  485.7 |
               +--------+--------+--------+--------+--------+-----+--------+

Top non-repeatable levels by time:
     D:1: 782 daAuts
     D:2: 508 daAuts
     D:3: 166 daAuts
